 Dungeon Crawl Stone Soup version 0.28.0-45-g0d030f2227 (webtiles) character file.

Game seed: 4625630598732248699

42 zeratav the Insei (level 3, -1/23 HPs)
             Began as an Octopode Transmuter on Apr 9, 2022.
             Succumbed to a kobold's poison
             ... on level 3 of the Dungeon.
             The game lasted 00:02:58 (2331 turns).

zeratav the Insei (Octopode Transmuter)             Turns: 2331, Time: 00:02:58

Health: -1/23      AC:  1    Str:  9    XL:     3   Next: 54%
Magic:  6/6        EV: 13    Int: 15    God:
Gold:   67         SH:  5    Dex: 14    Spells: 5/6 levels left

rFire   . . .      SeeInvis .     - Unarmed
rCold   . . .      Faith    .   (no shield)
rNeg    . . .      Spirit   .   (helmet currently unavailable)
rPois   .          Reflect  +   e - amulet of reflection
rElec   .          Harm     .   (no ring)
rCorr   .          Rampage  .   (no ring)
Will    .....                   (no ring)
Stlth   +++.......              (no ring)
HPRegen 0.07/turn               (no ring)
MPRegen 0.10/turn               (no ring)
                                (no ring)
                                (no ring)

@: lethally poisoned (-1 -> -12), appendages (expiring)
A: tentacle spike 3, almost no armour, amphibious, 8 rings, camouflage 1,
gelatinous body 1, (nimble swimmer 1), tentacles
a: End Transformation


You were on level 3 of the Dungeon.
One of your tentacles had grown a beastly spike.
You visited 1 branch of the dungeon, and saw 3 of its levels.

You collected 67 gold pieces.


Innate Abilities, Weirdness & Mutations

One of your tentacles has grown a beastly spike.
You cannot wear most types of armour.
You are amphibious.
You can wear up to eight rings at the same time.
Your skin changes colour to match your surroundings (Stealth+).
Your rubbery body absorbs attacks. (AC +1, EV +1)
((You are camouflaged when in or above water. (Stealth+)))
You have tentacles for arms and can constrict up to eight enemies at once.


   Skills:
 + Level 1.6 Fighting
 + Level 2.4 Dodging
 + Level 1.7 Stealth
 * Level 3.6 Unarmed Combat
 - Level 2.0 Spellcasting
 - Level 2.0 Transmutations


You had 5 spell levels left.
You knew the following spells:

 Your Spells              Type           Power      Damage    Failure   Level
a - Beastly Appendage     Tmut           14%        N/A       10%         1

Your spell library contained the following spells:

 Spells                   Type           Power      Damage    Failure   Level
 Wereblood                Tmut           7%         N/A       14%         2
 Spider Form              Tmut/Pois      4%         N/A       41%         3
 Ice Form                 Ice/Tmut       4%         N/A       82%         4

Inventory:

Jewellery
 e - an amulet of reflection (around mantle)
   (You found it on level 2 of the Dungeon)
Scrolls
 b - a scroll of fog {unknown}
 c - a scroll of noise {unknown}
 f - 2 scrolls of teleportation {unknown}
 i - 2 scrolls of identify {unknown}
 j - a scroll of amnesia {unknown}
 k - a scroll of enchant weapon {unknown}
Potions
 a - 2 potions of curing {unknown}
 d - 2 potions of cancellation {unknown}
 g - a potion of haste {unknown}
 h - a potion of attraction {unknown}

Dungeon Overview and Level Annotations

Branches:
Dungeon (3/15)

Altars:

Annotations:
D:2 Sigmund

#.#...#.# ####..#.##
#.#...#.# #.......#
#.......# #.#..#..####
.#...#.# # #.#.....##.##
...#.##.#.†...#...## .
....#.#.#..........#
#.####.... #.............
#..w...#># ###..........#
#.....)#@###...#...#...##
#.......#.....##.##
###.##....#.######
...##.#.##.#
######.#..#.# #.##.#.#
#.# .#.# #.. ...# ##.
.###


There were no monsters in sight!


Message History

A kobold comes into view. It is wielding a +0 whip.
One of your tentacles grows a vicious spike.
MP[-1]
You lost 1 mp, and now have 5/6 mp.
Your transformation is almost over.
The helpless kobold fails to defend itself.
You tentacle-slap the kobold.
You kill the kobold!
No target in view!
No target in view!
No target in view!
No target in view!
No target in view!
No target in view!
No target in view!
No target in view!
No target in view!
No target in view!
No target in view!
No target in view!
No target in view!
No target in view!
No target in view!
Things that are here:
a +0 whip {mace}; a kobold corpse; MP[+1]
Your mp is fully restored (6).
Your tentacle spike disappears.
A ball python comes into view.
A ball python is nearby!
One of your tentacles grows a vicious spike.
The ball python hisses angrily.
MP[-1]
You lost 1 mp, and now have 5/6 mp.
You block the ball python's attack. x2; The ball python closely misses you.
The ball python misses you.
You closely miss the ball python. Your grab misses the ball python.
The ball python closely misses you. You block the ball python's attack.
You barely miss the ball python. You grab the ball python.
You tentacle-slap the ball python. Your squeeze misses the ball python.
You constrict the ball python, but do no damage.
You block the ball python's attack. The ball python barely misses you.
You tentacle-slap the ball python.
You pierce the ball python.
You kill the ball python!
Your transformation is almost over.
No target in view!
No target in view!
No target in view!
No target in view!
No target in view!
No target in view!
Your tentacle spike disappears.
A kobold comes into view. It is wielding a +1 dagger of venom.
MP[+1]
Your mp is fully restored (6).
One of your tentacles grows a vicious spike.
MP[-1]
You lost 1 mp, and now have 5/6 mp.
Found a stone staircase leading down.
Your transformation is almost over.
The kobold shouts!
You hear an angry hiss.
A ball python comes into view.
The kobold throws a stone.
The stone barely misses you.
A dart slug comes into view.
The kobold hits you with a +1 dagger of venom.
You are poisoned.
The ball python bites you but does no damage.
The ball python misses you.
The dart slug moves out of view.
You barely miss the kobold. You grab the kobold. You constrict the kobold.
You feel very sick. The ball python closely misses you.
The ball python misses you.
The kobold hits you with a +1 dagger of venom.
* * * LOW HITPOINT WARNING * * *
You are more poisoned.
HP[-12]
You take 12 damage, and now have 11/23 hp.
MASSIVE DAMAGE!! (PAUSE)
You tentacle-slap the kobold.
You kill the kobold!
* * * LOW HITPOINT WARNING * * *
You feel very sick. The ball python barely misses you.
The ball python grabs you. The ball python constricts you.
HP[-2]
You take 2 damage, and now have 9/23 hp.
You completely miss the ball python. You grab the ball python.
You constrict the ball python.
* * * LOW HITPOINT WARNING * * *
You feel very sick. You block the ball python's attack.
The ball python constricts you.
* * * LOW HITPOINT WARNING * * *
HP[-5]
You take 5 damage, and now have 4/23 hp.
MASSIVE DAMAGE!! (PAUSE)
You tentacle-slap the ball python.
You kill the ball python!
* * * LOW HITPOINT WARNING * * *
You feel sick.
HP[-2]
You take 2 damage, and now have 2/23 hp.
You die...

Skill      XL: |  1  2 |
---------------+-------+-----
Stealth        | 1 |  1.7
Fighting       | |  1.6
Dodging        | |  2.4
Unarmed Combat | |  3.6
Spellcasting   | |  2.0
Transmutations | |  2.0

Action                   || total
-------------------------++-------
Melee: Unarmed           ||    62
       Kick              ||    21
       Constrict         ||    14
       Tentacles         ||    10
       Punch             ||     2
 Cast: Beastly Appendage ||    24
 Stab: Sleeping          ||     7
Armor: Skin              ||     2
Dodge: Dodged            ||    28
Block: Other             ||    10

Levels and vault maps discovered:
D:1:      amcnicky_arrival_feature_with_door, layout_loops_cross
D:2:      layout_basic, uniq_sigmund
D:3:      layout_loops_cross, dreamdust_ecumenical_altar_hidden_monk_grotto,
          kennysheep_generic_room_2

Notes
Turn   | Place    | Note
-------+----------+-------------------------------------------
     0 | D:1      | zeratav the Octopode Transmuter began the quest for the
                  | Orb.
     0 | D:1      | Reached XP level 1. HP: 13/13 MP: 3/3
     0 | D:1      | magus.rc [v1.9.6]
   314 | D:1      | Reached XP level 2. HP: 17/18 MP: 1/5
   765 | D:2      | Reached skill level 1 in Stealth
   923 | D:2      | Noticed Sigmund
  1632 | D:2      | Reached XP level 3. HP: 22/23 MP: 4/6
  2329 | D:3      | HP: 5/23 [poisoned by a kobold]
  2330 | D:3      | HP: 2/23 [poisoned by a kobold]
  2331 | D:3      | Succumbed to a kobold's poison

Vanquished Creatures
  An adder (D:2)
  An orc (D:3)
  3 ball pythons
  6 endoplasms
  A giant cockroach (D:2)
  3 hobgoblins
  3 quokkas
  3 bats
  4 kobolds
  2 rats (D:2)
27 creatures vanquished.

Table legend:
 A = Non-vault XP
 B = Vault XP
 C = Vault XP percentage of total XP
 D = Non-vault monster count
 E = Vault monster count
 F = Vault count percentage of total count
                 A         B        C        D         E       F
            +---------+---------+-------+---------+---------+-------
      Total |      60 |       0 |   0.0 |      27 |       0 |   0.0
            +---------+---------+-------+---------+---------+-------
        D:1 |      11 |       0 |   0.0 |       6 |       0 |   0.0
        D:2 |      32 |       0 |   0.0 |      13 |       0 |   0.0
        D:3 |      17 |       0 |   0.0 |       8 |       0 |   0.0
            +---------+---------+-------+---------+---------+-------

Illustrated notes

Table legend:
 A = Kills in this place as a percentage of kills in entire the game.
 B = Kills by you in this place as a percentage of kills by you in the entire game.
 C = Kills by friends in this place as a percentage of kills by friends in the entire game.
 D = Other kills in this place as a percentage of other kills in the entire game.
 E = Experience gained in this place as a percentage of experience gained in the entire game.
 F = Experience gained in this place divided by the number of levels of this place that you have seen.
                   A       B       C       D       E      F
               +-------+-------+-------+-------+-------+----------------------
         Total | 100.0 | 100.0 |   N/A |   N/A | 100.0 |  20.0
       Dungeon | 100.0 | 100.0 |   N/A |   N/A | 100.0 |  20.0
               +-------+-------+-------+-------+-------+----------------------

Table legend: (Time is in decaauts)
 A = Elapsed time spent in this place.
 B = Non-inter-level travel time spent in this place.
 C = Inter-level travel time spent in this place.
 D = Time resting spent in this place.
 E = Time spent auto-exploring this place.
 F = Levels seen in this place.
 G = Mean time per level.
                   A        B        C        D        E       F      G
               +--------+--------+--------+--------+--------+-----+--------+
         Total |   2328 |   2162 |    166 |    387 |   1458 |   3 |  776.0 |
       Dungeon |   2328 |   2162 |    166 |    387 |   1458 |   3 |  776.0 |
               +--------+--------+--------+--------+--------+-----+--------+

Top non-repeatable levels by time:
     D:1: 1066 daAuts
     D:2: 883 daAuts
     D:3: 378 daAuts
